 Dungeon Crawl Stone Soup version 0.27-a0-1321-gd358eaa319 (webtiles) character file.

Game seed: 726730314990446540

6568 27snakeeyes612 the Cleaver (level 10, -14/141 HPs)
             Began as a Minotaur Berserker on June 22, 2021.
             Was an Elder of Trog.
             Demolished by an ice devil (19 damage)
             ... summoned by an orc high priest
             ... in a bailey.
             The game lasted 00:05:46 (8617 turns).

27snakeeyes612 the Cleaver (Minotaur Berserker)     Turns: 8617, Time: 00:05:46

Health: -14/141    AC:  6    Str: 26    XL:     10   Next: 70%
Magic:  9/9        EV: 14    Int:  4    God:    Trog [****..]
Gold:   381        SH:  0    Dex:  9    Spells: 9/9 levels left

rFire    . . .     SeeInvis .   a - +0 hand axe (elec)
rCold    . . .     Faith    .   (no shield)
rNeg     . . .     Spirit   .   n - +0 plate armour
rPois    +         Reflect  .   (helmet restricted)
rElec    .         Harm     .   (no cloak)
rCorr    .         Rampage  .   (no gloves)
Will     ++...                  (no boots)
Stlth    ..........             C - amulet of regeneration
HPRegen  2.33/turn              i - +4 ring of evasion
MPRegen  0.11/turn              p - ring of poison resistance

@: berserking, strong-willed, corroded, regenerating, very quick
A: horns 2, retaliatory headbutt
a: Renounce Religion, Berserk, Trog's Hand, Brothers in Arms


You were in a bailey.
You worshipped Trog.
Trog was greatly pleased with you.
You visited 1 branch of the dungeon, and saw 9 of its levels.
You also visited: Bailey.

You collected 381 gold pieces.

Inventory:

Hand Weapons
 a - a +0 hand axe of electrocution (weapon)
 e - a +0 broad axe of flaming
 o - a +0 morningstar
Armour
 b - a +0 animal skin
 h - a +1 chain mail
 n - a +0 plate armour (worn)
Jewellery
 i - a +4 ring of evasion (left hand)
 p - a ring of poison resistance (right hand)
 v - a +6 ring of intelligence
 z - a ring of protection from cold
 C - an amulet of regeneration (around neck)
Wands
 q - a wand of iceblast (9) (quivered)
 t - a wand of flame (13)
 w - a wand of paralysis (6)
Scrolls
 d - 5 scrolls of enchant armour
 u - a scroll of silence
 y - 5 scrolls of teleportation
 B - a scroll of identify
Potions
 c - 2 potions of mutation
 f - a potion of attraction {unknown}
 g - 2 potions of might {unknown}
 j - a potion of heal wounds {unknown}
 k - 2 potions of curing {unknown}
 l - a potion of flight {unknown}
 m - 2 potions of degeneration {unknown}
 r - 4 potions of brilliance {unknown}
 s - a potion of cancellation {unknown}
 x - 2 potions of magic {unknown}
 A - a potion of haste {unknown}


   Skills:
 + Level 10.4 Fighting
 + Level 10.4 Axes
 + Level 10.1 Armour
 + Level 9.2 Dodging


You had 9 spell levels left.
You didn't know any spells.
Your spell library was empty.

Dungeon Overview and Level Annotations

Branches:
Dungeon (9/15)             Temple (0/1) D:4            Lair (0/6) D:9
    Orc (0/2) D:9          Bailey (1/1)

Altars:
Ashenzari
Dithmenos
Fedhas
Gozag
Hepliaklqana
Okawaru
Trog
Uskayaw
Vehumet
Wu Jian
Zin

Shops:
D:7 *


Innate Abilities, Weirdness & Mutations

You have a pair of horns on your head.
You reflexively headbutt those who attack you in melee.


Message History

The orc sorcerer hits you with a +0 war axe!
* * * LOW HITPOINT WARNING * * *
The orc high priest hits you with a +0 war axe.
* * * LOW HITPOINT WARNING * * *
A red film seems to cover your vision as you go berserk!
You feel yourself moving faster!
You feel mighty!
The ynoxinul hits you but does no damage.
The rust devil closely misses you.
The orc sorcerer hits you with a +0 war axe!
* * * LOW HITPOINT WARNING * * *
The orc high priest misses you. You furiously retaliate!
You headbutt the orc high priest. You slash the orc high priest!
Your headbutt misses the orc high priest.
The orc high priest is heavily wounded.
You closely miss the ynoxinul. You slash the orc sorcerer!
Lightning courses through the orc sorcerer!
You feel the power of Trog in you as your rage grows.
You kill the orc sorcerer!
Trog accepts your kill.
Trog appreciates your killing of a magic user.
The ynoxinul disappears in a puff of smoke!
The ufetubus disappears in a puff of smoke! x3
You hit the hellwing but do no damage. Lightning courses through the hellwing!
You completely miss the rust devil. The hellwing misses you. x2
The rust devil closely misses you.
Your life force feels restored.
Your Armour skill increases to level 10!
You hit the orc high priest but do no damage.
The orc high priest is heavily wounded.
You hit the ice devil.
Lightning courses through the ice devil!
Your plate armour prevents you from hitting the hellwing.
You hit the rust devil but do no damage.
The orc high priest hits you with a +0 war axe!
* * * LOW HITPOINT WARNING * * *
The ice devil hits you!
* * * LOW HITPOINT WARNING * * *
The ice devil freezes you!!
You die...

#≈≈≈≈≈# #≈≈≈≈≈#
#+####### #≈≈≈≈≈#
#.......# #≈≈≈≈≈#
+.8.8.8.# #≈≈≈≈≈#
##.......######≈≈≈≈≈#
#..#..44#......#.≈≈≈≈≈≈#
#..#.§o@#......#.≈≈≈≈≈.#
#..#..4)#####''#.≈≈≈≈≈..
#..#.§.§##....)#.≈≈≈≈≈..
## #...§##....)'........
#._..##..⌠.)'........
#....##.....'........
#....##.....#.≈≈≈≈≈..
#....#####++#.≈≈≈≈≈..
#.≈≈≈≈≈.#


You could see an orc high priest, a hellwing (summoned), an ice devil (summoned)
and a rust devil (summoned).

Vanquished Creatures
  A two-headed ogre (D:8)
  An orc sorcerer (Bailey)
  An elephant (D:9)
  A komodo dragon (D:8)
  7 yaks (D:9)
  3 steam dragons
  2 water moccasins
  An orc warrior (D:7)
  4 black bears
  A necrophage (D:7)
  6 centaurs
  2 ogres
  A phantom (D:4)
  4 bullfrogs
  4 scorpions
  2 water moccasin skeletons (D:5)
  6 killer bees (D:6)
  8 wights
  An electric eel (D:7)
  A centaur zombie (D:8)
  2 bullfrog zombies
  5 hounds
  A bullfrog skeleton (D:5)
  A jelly (D:4)
  2 orc priests
  2 orc wizards
  7 iguanas
  Natasha (D:4)
  2 killer bee zombies
  4 gnolls (Bailey)
  3 adders
  2 shadow imps (D:6)
  2 white imps (D:8)
  2 worms
  5 dart slugs
  18 orcs
  3 bats
  3 endoplasms
  3 giant cockroaches
  10 goblins
  4 hobgoblins
  11 jackals
  10 kobolds
  8 ball pythons
  8 frilled lizards
  A jackal skeleton (D:3)
  4 rats
181 creatures vanquished.

Vanquished Creatures (others)
  2 fungi (D:9)
  8 plants
  A withered plant (D:6)
11 creatures vanquished.

Grand Total: 192 creatures vanquished

Notes
Turn   | Place    | Note
-------+----------+-------------------------------------------
     0 | D:1      | 27snakeeyes612 the Minotaur Berserker began the quest for
                  | the Orb.
     0 | D:1      | Reached XP level 1. HP: 19/19 MP: 0/0
     6 | D:1      | You fall into a shaft and drop 1 floor!
   240 | D:1      | Reached XP level 2. HP: 14/27 MP: 1/1
   819 | D:1      | Reached XP level 3. HP: 28/33 MP: 2/2
   888 | D:1      | Reached ** piety under Trog
  1335 | D:2      | Found a faded altar of an unknown god.
  1476 | D:3      | Reached XP level 4. HP: 27/41 MP: 3/3
  1846 | D:3      | Found a shadowy altar of Dithmenos.
  2029 | D:3      | Found a bloodstained altar of Trog.
  2090 | D:4      | Found a staircase to the Ecumenical Temple.
  2133 | D:4      | Noticed a phantom
  2146 | D:4      | Killed a phantom
  2147 | D:4      | Reached XP level 5. HP: 47/47 MP: 4/4
  2316 | D:4      | Noticed a black bear
  2323 | D:4      | Killed a black bear
  2324 | D:4      | Reached skill level 5 in Fighting
  2324 | D:4      | Reached skill level 5 in Axes
  2324 | D:4      | Reached XP level 6. HP: 56/56 MP: 5/5
  2372 | D:4      | Reached *** piety under Trog
  2715 | D:4      | Noticed Natasha
  2725 | D:4      | Killed Natasha
  2936 | D:4      | Reached skill level 5 in Armour
  2936 | D:4      | Reached XP level 7. HP: 50/62 MP: 6/6
  3260 | D:4      | Found an iron altar of Okawaru.
  3540 | D:5      | Entered Level 5 of the Dungeon
  3542 | D:5      | Identified a scroll of acquirement
  3542 | D:5      | Acquired a +0 broad axe of flaming
  3706 | D:5      | Reached skill level 5 in Dodging
  3749 | D:5      | Found a blossoming altar of Fedhas.
  3898 | D:5      | Reached XP level 8. HP: 58/71 MP: 7/7
  5067 | D:6      | You fall into a shaft and drop 1 floor!
  5094 | D:7      | Reached XP level 9. HP: 57/81 MP: 8/8
  5344 | D:6      | Reached **** piety under Trog
  5773 | D:6      | Found a broken altar of Ashenzari.
  5825 | D:7      | Found a hide-covered altar of Uskayaw.
  5859 | D:7      | Found Vomaogack's Overcharged Wands.
  6383 | D:7      | Found an ornate altar of the Wu Jian Council.
  6950 | D:8      | Identified the +1 scale mail "Jouhudam" {rElec}
  7013 | D:8      | Noticed a komodo dragon
  7025 | D:8      | Killed a komodo dragon
  7270 | D:8      | Found an opulent altar of Gozag.
  7270 | D:8      | Found a glowing silver altar of Zin.
  7315 | D:8      | Found a radiant altar of Vehumet.
  7846 | D:8      | Found a hazy altar of Hepliaklqana.
  7847 | D:8      | Noticed a two-headed ogre
  7853 | D:8      | Killed a two-headed ogre
  7854 | D:8      | Reached XP level 10. HP: 39/91 MP: 9/9
  8282 | D:9      | Found a staircase to the Lair.
  8282 | D:9      | Noticed an elephant
  8298 | D:9      | Killed an elephant
  8469 | D:9      | Reached skill level 10 in Fighting
  8469 | D:9      | Reached skill level 10 in Axes
  8499 | D:9      | Found a flagged portal.
  8555 | Bailey   | Entered a bailey
  8601 | Bailey   | Found an iron altar of Okawaru.
  8601 | Bailey   | Noticed an orc high priest
  8601 | Bailey   | Noticed an orc sorcerer
  8607 | Bailey   | Noticed a rust devil
  8616 | Bailey   | Killed an orc sorcerer
  8617 | Bailey   | Reached skill level 10 in Armour
  8617 | Bailey   | HP: 5/141 [ice devil[an orc high priest] (9)]
  8617 | Bailey   | Demolished by an ice devil

Illustrated notes

Levels and vault maps discovered:
D:1:      dpeg_arrival_simpleton_c, layout_basic, nrook_uturn,
          minmay_pentomino_u4
D:2:      layout_rooms, ebering_ecumenical_altar_box
D:3:      layout_basic, lemuel_crystal_altar, lightli_temple_of_fire
D:4:      layout_basic, kennysheep_okawaru_gauntlet,
          minmay_temple_entry_crystal_x, uniq_natasha
D:5:      layout_basic, nicolae_overflow_crystal_walls
D:6:      nicolae_whirlpool, layout_cave_pools, marbit_many_paths,
          serial_undead, serial_undead_f, serial_undead_d, serial_undead_b,
          serial_undead_b
D:7:      layout_basic, nicolae_wu_jian_wuxing_cycle, lemuel_round_altar,
          kb_lookout_dungeons_type, minmay_misc_feat_four_crosses,
          kennysheep_donut, nicolae_shop_overcharged_wands
D:8:      layout_gridville, grunt_temple_overflow_gold_and_silver,
          nicolae_hepliaklqana_hippocampus, old_standard_altar,
          minmay_lizard_king
D:9:      layout_grid_maze, nemelex_diamond_rough_becter, david_lair_generic,
          orc_0_dummy, enter_bailey_8, uniq_psyche
Bailey:   bailey_axe_of_yendor_kennysheep, bailey

Skill      XL: |  1  2  3  4  5  6  7  8  9 10 |
---------------+-------------------------------+-----
Axes           | 4 5 6 8 9 10 | 10.4
Fighting       | 4 5 6 7 9 10 | 10.4
Armour         | 3 4 5 6 7 9 10 | 10.1
Dodging        | 3 4 5 6 8 9 |  9.2

Action                   |  1- 3 |  4- 6 |  7- 9 | 10-12 || total
-------------------------+-------+-------+-------+-------++-------
Melee: Hand axe          |    89 |    92 |   235 |    54 ||   470
       Headbutt          |    11 |    17 |    39 |    15 ||    82
       Broad axe         |       |       |    11 |       ||    11
Invok: Berserk           |     1 |     3 |     2 |     2 ||     8
       Trog's Hand       |       |       |       |     1 ||     1
Evoke: Wand              |       |       |     6 |       ||     6
  Use: Scroll            |       |       |     9 |     1 ||    10
Armor: Animal skin       |     1 |       |       |       ||     1
       Chain mail        |    50 |    56 |    12 |       ||   118
       Plate armour      |       |       |   107 |    37 ||   144
Dodge: Dodged            |    57 |    39 |   131 |    45 ||   272

Table legend: (Time is in decaauts)
 A = Elapsed time spent in this place.
 B = Non-inter-level travel time spent in this place.
 C = Inter-level travel time spent in this place.
 D = Time resting spent in this place.
 E = Time spent auto-exploring this place.
 F = Levels seen in this place.
 G = Mean time per level.
                   A        B        C        D        E       F      G
               +--------+--------+--------+--------+--------+-----+--------+
         Total |   8683 |   8265 |    418 |    508 |   6713 |  10 |  868.3 |
       Dungeon |   8625 |   8207 |    418 |    508 |   6679 |   9 |  958.3 |
        Bailey |     58 |     58 |      0 |      0 |     34 |   1 |   58.0 |
               +--------+--------+--------+--------+--------+-----+--------+

Top non-repeatable levels by time:
     D:6: 1508 daAuts
     D:4: 1479 daAuts
     D:8: 1348 daAuts
     D:7: 1135 daAuts
     D:1: 915 daAuts
     D:3: 657 daAuts
     D:5: 639 daAuts
     D:2: 536 daAuts
     D:9: 405 daAuts
  Bailey: 58 daAuts
